TOP OF THE 1ST |
El Paso Chihuahuas batting - Pitching for El Paso Sun Kings : LHP Calvin Riggar
|
Pitching: LHP Calvin Riggar
|
|
Batting: RHB Julio Acevedo
|
0-0: Ball 1-0: Ball 2-0: Ball 3-0: Called Strike 3-1: Base on Balls
|
Batting: LHB Andy Van Slyke
|
0-0: Swinging Strike 0-1: Called Strike 0-2: Ball 1-2: Foul Ball, location: 2F 1-2: Strikes out swinging
|
Batting: RHB Jesse Vann
|
0-0: Called Strike 0-1: SINGLE (Groundball, 4MD, EV 99.4 MPH) Julio Acevedo to second Runner from 2nd tries for 3rd, SAFE, throw by CF made to third
|
Batting: RHB Kevin Jacobson
|
0-0: Ball 1-0: Called Strike 1-1: Foul Ball, location: 2F 1-2: Ball 2-2: Foul Ball, location: 2F 2-2: Grounds into double play, 6-4-3 (Groundball, 6, EV 82.5 MPH)
|
Top of the 1st over - 0 runs, 1 hit, 0 errors, 1 left on base; El Paso 0 - El Paso 0 |
BOTTOM OF THE 1ST |
El Paso Sun Kings batting - Pitching for El Paso Chihuahuas : RHP Dale Brown
|
Pitching: RHP Dale Brown
|
|
Batting: LHB Stanley Hendrickson
|
0-0: Ball 1-0: Ball 2-0: Called Strike 2-1: Ball 3-1: Called Strike 3-2: Base on Balls
|
Batting: RHB Chuckie Canady
|
0-0: SINGLE (Groundball, 25, EV 69.4 MPH) (infield hit) Stanley Hendrickson to second
|
Batting: LHB Kevin Knuth
|
0-0: Called Strike 0-1: Ball 1-1: Called Strike 1-2: Ball 2-2: Ball 3-2: Grounds into double play, 6-4-3 (Groundball, 6, EV 89.4 MPH) Stanley Hendrickson to third
|
Batting: RHB Jon Hansen
|
0-0: Ball 1-0: Swinging Strike 1-1: Reached on error, E6 (Groundball, 6, EV 84.4 MPH) Stanley Hendrickson scores
|
Batting: SHB Danny Torres
|
0-0: Ball 1-0: Foul Ball, location: 2F 1-1: Ball Jon Hansen is caught stealing 2nd base 2-6
|
Bottom of the 1st over - 1 run, 1 hit, 1 error, 0 left on base; El Paso 0 - El Paso 1 |
TOP OF THE 2ND |
El Paso Chihuahuas batting - Pitching for El Paso Sun Kings : LHP Calvin Riggar
|
Batting: LHB Dan Murphy
|
0-0: Foul Ball, location: 2F 0-1: Ball 1-1: Foul Ball, location: 2F 1-2: Fly out, F9 (Flyball, 9S, EV 96.3 MPH)
|
Batting: RHB Tom Roarke
|
0-0: Ball 1-0: Ground out 6-3 (Groundball, 6D, EV 102.5 MPH)
|
Batting: RHB Leo George
|
0-0: Ball 1-0: Called Strike 1-1: Foul Ball, location: 2F 1-2: Fly out, F8 (Line Drive, 8RD, EV 87.5 MPH)
|
Top of the 2nd over - 0 runs, 0 hits, 0 errors, 0 left on base; El Paso 0 - El Paso 1 |
BOTTOM OF THE 2ND |
El Paso Sun Kings batting - Pitching for El Paso Chihuahuas : RHP Dale Brown
|
Batting: SHB Danny Torres
|
0-0: Foul Ball, location: 2F 0-1: Ball 1-1: Ball 2-1: Called Strike 2-2: Ball 3-2: Ground out U3 (Groundball, 3, EV 89.4 MPH)
|
Batting: SHB Keith Thrower
|
0-0: Foul Ball, location: 2F 0-1: Fly out, F8 (Flyball, 8RD, EV 103.1 MPH)
|
Batting: SHB Wayne Stone
|
0-0: Called Strike 0-1: Called Strike 0-2: Fly out, F9 (Flyball, 9LS, EV 95.0 MPH)
|
Bottom of the 2nd over - 0 runs, 0 hits, 0 errors, 0 left on base; El Paso 0 - El Paso 1 |
TOP OF THE 3RD |
El Paso Chihuahuas batting - Pitching for El Paso Sun Kings : LHP Calvin Riggar
|
Batting: RHB Stine Poole
|
0-0: Ball 1-0: Ball 2-0: Foul Ball, location: 2F 2-1: Ball 3-1: Reached on error, E6 (Groundball, 6, EV 83.8 MPH)
|
Batting: RHB William Parmenter
|
0-0: Called Strike 0-1: Foul Ball, location: 2F 0-2: Ball 1-2: Ball 2-2: Ground out 4-3 (Groundball, 4, EV 88.1 MPH) Stine Poole to third
|
Batting: RHB Julio Acevedo
|
0-0: Foul Ball, location: 2F 0-1: Ground out 1-3 (Groundball, 13S, EV 71.9 MPH)
|
Batting: LHB Andy Van Slyke
|
0-0: Called Strike 0-1: Ball 1-1: Called Strike 1-2: Ground out 3-1 (Groundball, 34, EV 99.4 MPH)
|
Top of the 3rd over - 0 runs, 0 hits, 1 error, 1 left on base; El Paso 0 - El Paso 1 |
BOTTOM OF THE 3RD |
El Paso Sun Kings batting - Pitching for El Paso Chihuahuas : RHP Dale Brown
|
Batting: RHB Michael Hanson
|
0-0: Called Strike 0-1: DOUBLE (Flyball, 8LXD, EV 101.9 MPH)
|
Batting: RHB Christopher Hudson
|
0-0: Ball 1-0: Foul Ball, location: 2F 1-1: Reached on error, E3 (Groundball, 3, EV 103.1 MPH) Michael Hanson to third
|
Batting: LHB Stanley Hendrickson
|
0-0: Swinging Strike 0-1: Ball 1-1: Foul Ball, location: 2F 1-2: Ball 2-2: Foul Ball, location: 2F 2-2: Ball 3-2: Base on Balls Christopher Hudson to second
|
Batting: RHB Chuckie Canady
|
0-0: Ball 1-0: Ball 2-0: Grounds into double play, 4-6-3 (Groundball, 4, EV 94.4 MPH) Michael Hanson scores Christopher Hudson to third
|
Batting: LHB Kevin Knuth
|
0-0: Ball 1-0: Foul Ball, location: 2F 1-1: Foul Ball, location: 2F 1-2: Ball 2-2: Ball 3-2: Ground out 4-3 (Groundball, 4, EV 81.3 MPH)
|
Bottom of the 3rd over - 1 run, 1 hit, 1 error, 1 left on base; El Paso 0 - El Paso 2 |
TOP OF THE 4TH |
El Paso Chihuahuas batting - Pitching for El Paso Sun Kings : LHP Calvin Riggar
|
Batting: RHB Jesse Vann
|
0-0: Ball 1-0: Ball 2-0: Called Strike 2-1: Ball 3-1: Base on Balls
|
Batting: RHB Kevin Jacobson
|
0-0: Reached on error, E6 (Groundball, 6, EV 93.1 MPH) Jesse Vann to second
|
Batting: LHB Dan Murphy
|
0-0: Ball 1-0: Called Strike 1-1: Ball 2-1: Foul Ball, location: 2F 2-2: Ball 3-2: Base on Balls Jesse Vann to third Kevin Jacobson to second
|
Batting: RHB Tom Roarke
|
0-0: Fly out, F7 (Flyball, 78D, EV 107.5 MPH) Runner from 3rd tags up, SCORES, throw by LF
|
Batting: RHB Leo George
|
0-0: Ball 1-0: Ball 2-0: Ball 3-0: Called Strike 3-1: Base on Balls Kevin Jacobson to third Dan Murphy to second
|
Batting: RHB Stine Poole
|
0-0: Called Strike 0-1: Called Strike 0-2: Strikes out looking
|
Batting: RHB William Parmenter
|
0-0: Ball 1-0: Ball 2-0: Ball 3-0: Base on Balls Kevin Jacobson scores Dan Murphy to third Leo George to second
|
Batting: RHB Julio Acevedo
|
0-0: Swinging Strike 0-1: Called Strike 0-2: Strikes out looking
|
Top of the 4th over - 2 runs, 0 hits, 1 error, 3 left on base; El Paso 2 - El Paso 2 |
BOTTOM OF THE 4TH |
El Paso Sun Kings batting - Pitching for El Paso Chihuahuas : RHP Dale Brown
|
Batting: RHB Jon Hansen
|
0-0: Fly out, F8 (Flyball, 8RD, EV 95.0 MPH)
|
Batting: SHB Danny Torres
|
0-0: Ball 1-0: DOUBLE (Groundball, 3L, EV 101.3 MPH)
|
Batting: SHB Keith Thrower
|
0-0: Foul Ball, location: 2F 0-1: Ball 1-1: Ball 2-1: Ball 3-1: Base on Balls
|
Batting: SHB Wayne Stone
|
0-0: Ball 1-0: Ball 2-0: Called Strike 2-1: Foul Ball, location: 2F 2-2: Strikes out looking
|
Batting: RHB Michael Hanson
|
0-0: Called Strike 0-1: Ball 1-1: Foul Ball, location: 2F 1-2: Strikes out swinging
|
Bottom of the 4th over - 0 runs, 1 hit, 0 errors, 2 left on base; El Paso 2 - El Paso 2 |
TOP OF THE 5TH |
El Paso Chihuahuas batting - Pitching for El Paso Sun Kings : LHP Calvin Riggar
|
Batting: LHB Andy Van Slyke
|
0-0: Called Strike 0-1: SINGLE (Line Drive, 89S, EV 100.0 MPH)
|
Batting: RHB Jesse Vann
|
0-0: Ball 1-0: Ball 2-0: Called Strike 2-1: Foul Ball, location: 2F 2-2: Foul Ball, location: 2F 2-2: Foul Ball, location: 2F 2-2: Foul Ball, location: 2F 2-2: Grounds into double play, 3-6-3 (Groundball, 3S, EV 80.0 MPH)
|
Batting: RHB Kevin Jacobson
|
0-0: Ball 1-0: Foul Ball, location: 2F 1-1: Ball 2-1: Swinging Strike 2-2: Foul Ball, location: 2F 2-2: Foul Ball, location: 2F 2-2: SINGLE (Line Drive, 9S, EV 90.0 MPH)
|
Batting: LHB Dan Murphy
|
0-0: Ball 1-0: Ball 2-0: Called Strike 2-1: Ball 3-1: Foul Ball, location: 2F 3-2: Fly out, F9 (Line Drive, 9, EV 104.4 MPH)
|
Top of the 5th over - 0 runs, 2 hits, 0 errors, 1 left on base; El Paso 2 - El Paso 2 |
BOTTOM OF THE 5TH |
El Paso Sun Kings batting - Pitching for El Paso Chihuahuas : RHP Dale Brown
|
Batting: RHB Christopher Hudson
|
0-0: Fly out, F9 (Line Drive, 9, EV 90.6 MPH)
|
Batting: LHB Stanley Hendrickson
|
0-0: Ball 1-0: Fly out, F8 (Flyball, 8LM, EV 91.9 MPH)
|
Batting: RHB Chuckie Canady
|
0-0: Called Strike 0-1: Foul Ball, location: 2F 0-2: Ball 1-2: Ball 2-2: Fly out, F7 (Flyball, 78M, EV 86.3 MPH)
|
Bottom of the 5th over - 0 runs, 0 hits, 0 errors, 0 left on base; El Paso 2 - El Paso 2 |
TOP OF THE 6TH |
El Paso Chihuahuas batting - Pitching for El Paso Sun Kings : LHP Calvin Riggar
|
Batting: RHB Tom Roarke
|
0-0: Ball 1-0: Ball 2-0: Ball 3-0: Base on Balls
|
Batting: RHB Leo George
|
0-0: Ball 1-0: Called Strike 1-1: Swinging Strike 1-2: Foul Ball, location: 2F 1-2: Ball 2-2: 2-RUN HOME RUN (Flyball, 7D, EV 100.6 MPH), Distance : 354 ft
|
Batting: RHB Stine Poole
|
0-0: Ground out 6-3 (Groundball, 6S, EV 88.1 MPH)
|
Batting: RHB William Parmenter
|
0-0: Called Strike 0-1: Foul Ball, location: 2F 0-2: SINGLE (Flyball, 9LS, EV 95.0 MPH)
|
Batting: RHB Julio Acevedo
|
0-0: Ball 1-0: Ball 2-0: Foul Ball, location: 2F 2-1: Ball 3-1: Foul Ball, location: 2F 3-2: TRIPLE (Flyball, 78XD, EV 95.6 MPH) William Parmenter scores
|
Batting: LHB Andy Van Slyke
|
0-0: Ball 1-0: Ball 2-0: Ball 3-0: Base on Balls
|
Batting: RHB Jesse Vann
|
0-0: Called Strike 0-1: Foul Ball, location: 2F 0-2: Ball 1-2: Ball 2-2: Foul Ball, location: 2F 2-2: Foul Ball, location: 2F 2-2: Foul Ball, location: 2F 2-2: Foul Ball, location: 2F 2-2: Ball 3-2: Grounds into double play, 4-6-3 (Groundball, 4, EV 89.4 MPH)
|
Top of the 6th over - 3 runs, 3 hits, 0 errors, 1 left on base; El Paso 5 - El Paso 2 |
BOTTOM OF THE 6TH |
El Paso Sun Kings batting - Pitching for El Paso Chihuahuas : RHP Dale Brown
|
Batting: LHB Kevin Knuth
|
0-0: Called Strike 0-1: Swinging Strike 0-2: Foul Ball, location: 2F 0-2: Ball 1-2: Strikes out swinging
|
Batting: RHB Jon Hansen
|
0-0: Called Strike 0-1: Ball 1-1: Ball 2-1: Ball 3-1: Base on Balls
|
Batting: SHB Danny Torres
|
0-0: Called Strike 0-1: Ball 1-1: Ball 2-1: DOUBLE (Line Drive, 9LM, EV 106.3 MPH) Jon Hansen to third Runner from 3rd tries for Home, SAFE, throw by RF to trailing runner, SAFE at third!
|
Batting: SHB Keith Thrower
|
0-0: Called Strike 0-1: SINGLE (Line Drive, 34D, EV 96.3 MPH) Danny Torres scores
|
Batting: SHB Wayne Stone
|
0-0: Ball 1-0: Called Strike 1-1: Ball 2-1: Fly out, F4 (Popup, 4D, EV 50.6 MPH)
|
Batting: RHB Michael Hanson
|
0-0: Ball Keith Thrower is caught stealing 2nd base 2-4
|
Bottom of the 6th over - 2 runs, 2 hits, 0 errors, 0 left on base; El Paso 5 - El Paso 4 |
TOP OF THE 7TH |
El Paso Chihuahuas batting - Pitching for El Paso Sun Kings : LHP Calvin Riggar
|
Batting: RHB Kevin Jacobson
|
0-0: Ball 1-0: Ball 2-0: SINGLE (Line Drive, 6MD, EV 105.0 MPH)
|
Batting: LHB Dan Murphy
|
0-0: Grounds out, U3 (Groundball, 3L, EV 82.5 MPH)
|
Batting: RHB Tom Roarke
|
0-0: Ball 1-0: Foul Ball, location: 2F 1-1: Swinging Strike 1-2: Foul Ball, location: 2F 1-2: Strikes out looking
|
Batting: RHB Leo George
|
0-0: Intentional Walk
|
Batting: RHB Stine Poole
|
0-0: Ball 1-0: Ball 2-0: Ball 3-0: Called Strike 3-1: Base on Balls Kevin Jacobson to third Leo George to second
|
Pitching: RHP James Rogers
|
|
Batting: RHB William Parmenter
|
0-0: Ball 1-0: SINGLE (Groundball, 6MS, EV 73.1 MPH) (infield hit) Kevin Jacobson scores Leo George to third Stine Poole to second
|
Batting: RHB Julio Acevedo
|
0-0: Called Strike 0-1: Ball 1-1: Ball 2-1: Ball 3-1: Called Strike 3-2: Base on Balls Leo George scores Stine Poole to third William Parmenter to second
|
Batting: LHB Andy Van Slyke
|
0-0: Ball 1-0: Swinging Strike 1-1: SINGLE (Line Drive, 4D, EV 101.3 MPH) Stine Poole scores William Parmenter to third Julio Acevedo to second Runner from 3rd tries for Home, SAFE, throw by CF to home
|
Batting: RHB Jesse Vann
|
0-0: Ball 1-0: Ball 2-0: Foul Ball, location: 2F 2-1: Fly out, F4 (Flyball, 34D, EV 75.0 MPH)
|
Top of the 7th over - 4 runs, 3 hits, 0 errors, 2 left on base; El Paso 9 - El Paso 4 |
BOTTOM OF THE 7TH |
El Paso Sun Kings batting - Pitching for El Paso Chihuahuas : RHP Dale Brown
|
Batting: RHB Michael Hanson
|
0-0: Foul Ball, location: 2F 0-1: Swinging Strike 0-2: Ground out 1-3 (Groundball, 13S, EV 70.6 MPH)
|
Batting: RHB Christopher Hudson
|
0-0: Foul Ball, location: 2F 0-1: Ball 1-1: Ball 2-1: Foul Ball, location: 2F 2-2: Ball 3-2: Strikes out swinging
|
Batting: LHB Stanley Hendrickson
|
0-0: SINGLE (Groundball, 6M, EV 103.8 MPH)
|
Batting: RHB Chuckie Canady
|
0-0: Ball 1-0: Foul Ball, location: 2F 1-1: Swinging Strike 1-2: Strikes out swinging
|
Bottom of the 7th over - 0 runs, 1 hit, 0 errors, 1 left on base; El Paso 9 - El Paso 4 |
TOP OF THE 8TH |
El Paso Chihuahuas batting - Pitching for El Paso Sun Kings : RHP James Rogers
|
Batting: RHB Kevin Jacobson
|
0-0: Called Strike 0-1: SOLO HOME RUN (Line Drive, 9LD, EV 95.0 MPH), Distance : 367 ft
|
Batting: LHB Dan Murphy
|
0-0: Ball 1-0: SINGLE (Line Drive, 8LS, EV 105.6 MPH)
|
Batting: RHB Tom Roarke
|
0-0: Swinging Strike 0-1: Called Strike 0-2: SINGLE (Line Drive, 78S, EV 90.6 MPH) Dan Murphy to second
|
Batting: RHB Leo George
|
0-0: Grounds into double play, 6-4-3 (Groundball, 6MS, EV 84.4 MPH) Dan Murphy to third
|
Batting: RHB Stine Poole
|
0-0: Called Strike 0-1: Ball 1-1: Foul Ball, location: 2F 1-2: Strikes out swinging
|
Top of the 8th over - 1 run, 3 hits, 0 errors, 1 left on base; El Paso 10 - El Paso 4 |
BOTTOM OF THE 8TH |
El Paso Sun Kings batting - Pitching for El Paso Chihuahuas : RHP Dale Brown
|
Batting: LHB Kevin Knuth
|
0-0: Ball 1-0: Foul Ball, location: 2F 1-1: Foul Ball, location: 2F 1-2: SINGLE (Groundball, 34, EV 98.8 MPH)
|
Batting: RHB Jon Hansen
|
0-0: Foul Ball, location: 2F 0-1: Swinging Strike 0-2: Ball 1-2: Ball 2-2: Ball 3-2: Foul Ball, location: 2F 3-2: Foul Ball, location: 2F 3-2: Base on Balls Kevin Knuth to second
|
Batting: SHB Danny Torres
|
0-0: Foul Ball, location: 2F 0-1: Ball 1-1: Ball 2-1: Grounds into double play, 3-6-3 (Groundball, 34, EV 86.9 MPH) Kevin Knuth to third
|
Batting: SHB Keith Thrower
|
0-0: Called Strike 0-1: Ball 1-1: Ball 2-1: Foul Ball, location: 2F 2-2: Ball 3-2: Base on Balls
|
Batting: SHB Wayne Stone
|
0-0: Foul Ball, location: 2F 0-1: Foul Ball, location: 2F 0-2: Strikes out swinging
|
Bottom of the 8th over - 0 runs, 1 hit, 0 errors, 2 left on base; El Paso 10 - El Paso 4 |
TOP OF THE 9TH |
El Paso Chihuahuas batting - Pitching for El Paso Sun Kings : RHP James Rogers
|
Batting: RHB William Parmenter
|
0-0: Ball 1-0: Called Strike 1-1: Swinging Strike 1-2: Strikes out swinging
|
Batting: RHB Julio Acevedo
|
0-0: Ball 1-0: Swinging Strike 1-1: Called Strike 1-2: Ball 2-2: Ball 3-2: SINGLE (Groundball, 4MD, EV 97.5 MPH)
|
Pitching: RHP Gary Granke
|
|
Batting: LHB Andy Van Slyke
|
0-0: Called Strike 0-1: Called Strike 0-2: Ball 1-2: Ball 2-2: Fly out, F8 (Flyball, 8LXD, EV 93.8 MPH)
|
Batting: RHB Jesse Vann
|
0-0: Ball 1-0: Ball Julio Acevedo steals 2nd base (no throw) 2-0: Ball 3-0: Base on Balls
|
Batting: RHB Kevin Jacobson
|
0-0: Foul Ball, location: 2F 0-1: Foul Ball, location: 2F 0-2: Fly out, F8 (Line Drive, 8LM, EV 91.3 MPH)
|
Top of the 9th over - 0 runs, 1 hit, 0 errors, 2 left on base; El Paso 10 - El Paso 4 |
BOTTOM OF THE 9TH |
El Paso Sun Kings batting - Pitching for El Paso Chihuahuas : RHP Dale Brown
|
Batting: RHB Michael Hanson
|
0-0: Foul Ball, location: 2F 0-1: Ball 1-1: Ball 2-1: Swinging Strike 2-2: Ball 3-2: Foul Ball, location: 2F 3-2: Foul Ball, location: 2F 3-2: Base on Balls
|
Batting: RHB Christopher Hudson
|
0-0: Ball 1-0: Foul Ball, location: 2F 1-1: Ball 2-1: Foul Ball, location: 2F 2-2: Grounds into double play, 6-4-3 (Groundball, 6M, EV 103.8 MPH)
|
Batting: LHB Stanley Hendrickson
|
0-0: Ball 1-0: Fly out, F6 (Flyball, 6MD, EV 85.0 MPH)
|
Bottom of the 9th over - 0 runs, 0 hits, 0 errors, 0 left on base; El Paso 10 - El Paso 4 |
|